 Dungeon Crawl Stone Soup version 0.30-a0-782-ge64f9170bb (webtiles) character file.

Game seed: 17573665632488538490

118 epen the Grasshopper (level 5, -1/43 HPs)
             Began as a Gnoll Warper on Feb 24, 2023.
             Slain by a kobold brigand
             ... wielding a +0 short sword
              (2 damage)
             ... in a sewer.
             The game lasted 00:04:39 (1769 turns).

epen the Grasshopper (Gnoll Warper)                 Turns: 1769, Time: 00:04:39

Health: -1/43      AC:  6    Str: 10    XL:     5   Next: 2%
Magic:  12/12      EV: 13    Int: 13    God:
Gold:   73         SH:  0    Dex: 13    Spells: 14/14 levels left

rFire   . . .      SeeInvis .    a - +0 falchion
rCold   . . .      Faith    .    (no shield)
rNeg    . . .      Spirit   .    b - +0 leather armour
rPois   .          Reflect  .    c - +0 helmet
rElec   .          Harm     .    (no cloak)
rCorr   .          Rampage  .    n - +1 pair of gloves
Will    .....                    (no boots)
Stlth   +                        k - amulet of regeneration
HPRegen 1.07/turn                (no ring)
MPRegen 0.13/turn                (no ring)

@: lethally poisoned (-1 -> -11), weak-willed, flying, slowed, very slow
A: fangs 1, strong nose, distributed training
a: no special abilities


You were in a sewer.
You visited 1 branch of the dungeon, and saw 3 of its levels.
You also visited: Sewer.

You collected 73 gold pieces.

Inventory:

Hand Weapons
 a - a +0 falchion (weapon)
Armour
 b - a +0 leather armour (worn)
 c - a +0 helmet (worn)
 n - a +1 pair of gloves (worn)
Jewellery
 k - an amulet of regeneration (around neck)
 o - a ring of fire
Scrolls
 e - a scroll of immolation
Potions
 f - 2 potions of flight
 g - a potion of cancellation {unknown}
 j - a potion of mutation {unknown}


   Skills:
 + Level 4.7 Fighting
 + Level 1.4 Short Blades
 + Level 4.7 Long Blades
 + Level 1.4 Axes
 + Level 1.4 Maces & Flails
 + Level 1.4 Polearms
 + Level 1.4 Staves
 + Level 1.4 Ranged Weapons
 + Level 2.9 Throwing
 + Level 2.9 Armour
 + Level 4.7 Dodging
 + Level 1.4 Stealth
 + Level 1.4 Shields
 + Level 1.4 Unarmed Combat
 + Level 5.1 Spellcasting
 + Level 1.1 Conjurations
 + Level 1.1 Hexes
 + Level 1.1 Summonings
 + Level 1.1 Necromancy
 + Level 5.5 Translocations
 + Level 1.1 Transmutations
 + Level 1.1 Fire Magic
 + Level 1.1 Ice Magic
 + Level 1.1 Air Magic
 + Level 1.1 Earth Magic
 + Level 1.1 Poison Magic
 + Level 1.5 Invocations
 + Level 1.4 Evocations


You had 14 spell levels left.
You didn't know any spells.
Your spell library contained the following spells:

 Spells                   Type           Power      Damage    Failure   Level
 Blink                    Tloc           34%        N/A       3%          2
 Lesser Beckoning         Tloc           34%        N/A       3%          2
 Teleport Other           Tloc           17%        N/A       8%          3
 Summon Small Mammal      Summ           24%        N/A       16%         1
 Vhi's Electric Charge    Tloc/Air       24%        N/A       19%         3
 Ensorcelled Hibernation  Hex/Ice        12%        N/A       22%         2
 Passwall                 Tmut/Erth      5%         N/A       22%         2
 Manifold Assault         Tloc           17%        N/A       24%         4
 Call Canine Familiar     Summ           6%         N/A       41%         3
 Summon Guardian Golem    Hex/Summ       6%         N/A       41%         3
 Swiftness                Air            6%         N/A       41%         3


Dungeon Overview and Level Annotations

Branches:
Dungeon (3/15)              Sewer (1/1)

Altars:
Dithmenos

Annotations:
D:3 Grinder


Innate Abilities, Weirdness & Mutations

You have very sharp teeth.
Your uncanny sense of smell can sniff out nearby items.
Your experience applies equally to all skills.


Message History

Aim: a kobold brigand, wielding a +0 short sword and quivering curare-tipped darts (53% to hit)
You throw a boomerang of dispersal.
The boomerang of dispersal hits the kobold brigand but does no damage.
You feel extremely sick. The adder barely misses you.
The kobold brigand throws a poisoned dart.
The poisoned dart hits you.
You are more poisoned.
The kobold brigand splashes around in the water.
The adder bites you.
You are more poisoned.
The adder poisons you!
A rat comes into view. x2
Throw: 2 boomerangs (disperse)
Press: ? - help, Q - select action Shift-Dir - straight line, f/p - kobold brigand
Aim: a kobold brigand, wielding a +0 short sword and quivering curare-tipped darts (53% to hit)
You throw a boomerang of dispersal.
The boomerang of dispersal misses the kobold brigand.
You feel extremely sick. The adder barely misses you.
The kobold brigand hits you but does no damage.
The adder misses you.
The kobold brigand throws a poisoned dart.
The poisoned dart hits you!
You are lethally poisoned!
The kobold brigand splashes around in the water.
Throw: boomerang (disperse)
Press: ? - help, Q - select action Shift-Dir - straight line, f/p - kobold brigand
Aim: a kobold brigand, wielding a +0 short sword and quivering curare-tipped darts (53% to hit)
You throw a boomerang of dispersal.
The boomerang of dispersal hits the kobold brigand but does no damage.
* * * LOW HITPOINT WARNING * * *
You feel extremely sick. The adder bites you but does no damage.
An adder comes into view.
The kobold brigand hits you with a +0 short sword.
* * * LOW HITPOINT WARNING * * *
The adder misses you.
The kobold brigand hits you with a +0 short sword.
You die...

~~~~.~~~~..~~~~
~##~.~.~....##.
##~.....S##
#.~.~r~.#
.~~~~rK~.###
.~~~~~...~~.##
#.~~~.# #~~S.#
#.@.# #~K~#
#~.~# #..~#
#~~~~~# #~###~#
#~ ~# #~ ~# ~~
~


You could see 2 kobold brigands, 2 adders and 2 rats.

Vanquished Creatures
  Robin (D:2)
  3 adders
  A dart slug (D:1)
  4 ball pythons
  A bat skeleton (D:2)
  3 endoplasms
  A giant cockroach (D:3)
  9 goblins
  10 hobgoblins
  14 jackals
  2 kobolds
  7 quokkas
  A ball python zombie (D:2)
  3 bats
  A frilled lizard (D:1)
  A giant cockroach zombie (D:2)
  A jackal skeleton (D:2)
  3 rats
66 creatures vanquished.

Vanquished Creatures (others)
  2 withered plants (D:2)
2 creatures vanquished.

Grand Total: 68 creatures vanquished

Notes
Turn   | Place    | Note
-------+----------+-------------------------------------------
     0 | D:1      | epen the Gnoll Warper began the quest for the Orb.
     0 | D:1      | Reached XP level 1. HP: 20/20 MP: 6/6
    48 | D:1      | Reached XP level 2. HP: 23/26 MP: 7/7
   304 | D:1      | Reached skill level 5 in Spellcasting
   304 | D:1      | Reached XP level 3. HP: 30/31 MP: 7/9
   802 | D:2      | Reached skill level 1 in Invocations
   941 | D:2      | Reached skill level 1 in Short Blades
   941 | D:2      | Reached skill level 1 in Axes
   941 | D:2      | Reached skill level 1 in Maces & Flails
   941 | D:2      | Reached skill level 1 in Polearms
   941 | D:2      | Reached skill level 1 in Staves
   941 | D:2      | Reached skill level 1 in Ranged Weapons
   941 | D:2      | Reached skill level 1 in Stealth
   941 | D:2      | Reached skill level 1 in Shields
   941 | D:2      | Reached skill level 1 in Unarmed Combat
   941 | D:2      | Reached skill level 1 in Evocations
   941 | D:2      | Found a shadowy altar of Dithmenos.
   962 | D:2      | Noticed Robin
  1028 | D:2      | Reached XP level 4. HP: 28/38 MP: 11/11
  1098 | D:2      | Killed Robin
  1099 | D:2      | Reached skill level 1 in Conjurations
  1099 | D:2      | Reached skill level 1 in Hexes
  1099 | D:2      | Reached skill level 1 in Summonings
  1099 | D:2      | Reached skill level 1 in Necromancy
  1099 | D:2      | Reached skill level 1 in Transmutations
  1099 | D:2      | Reached skill level 1 in Fire Magic
  1099 | D:2      | Reached skill level 1 in Ice Magic
  1099 | D:2      | Reached skill level 1 in Air Magic
  1099 | D:2      | Reached skill level 1 in Earth Magic
  1099 | D:2      | Reached skill level 1 in Poison Magic
  1654 | D:3      | Noticed Grinder
  1719 | D:3      | Found a glowing drain.
  1735 | Sewer    | Entered a sewer
  1747 | Sewer    | Noticed a kobold brigand
  1759 | Sewer    | Reached XP level 5. HP: 40/43 MP: 12/12
  1764 | Sewer    | Noticed a kobold brigand
  1769 | Sewer    | HP: 1/43 [kobold brigand/+0 short sword (6)]
  1769 | Sewer    | Slain by a kobold brigand

Illustrated notes

Levels and vault maps discovered:
D:1:      tarquinn_simple_flora_water_b, layout_basic
D:2:      layout_basic, basic_altar, serial_undead, serial_undead_b,
          serial_undead_b, serial_undead_f, serial_undead_b,
          minmay_pentomino_p2, uniq_robin
D:3:      layout_loops_ring, hangedman_ru_absence, cheibrodos_sewer_entry_drain,
          uniq_grinder
Sewer:    sewer_co_tree

Skill      XL: |  1  2  3  4 |
---------------+-------------+-----
Spellcasting   | 5 |  5.1
Invocations    | 1 |  1.5
Short Blades   | 1 |  1.4
Axes           | 1 |  1.4
Maces & Flails | 1 |  1.4
Polearms       | 1 |  1.4
Staves         | 1 |  1.4
Ranged Weapons | 1 |  1.4
Stealth        | 1 |  1.4
Shields        | 1 |  1.4
Unarmed Combat | 1 |  1.4
Evocations     | 1 |  1.4
Conjurations   | 1 |  1.1
Hexes          | 1 |  1.1
Summonings     | 1 |  1.1
Necromancy     | 1 |  1.1
Transmutations | 1 |  1.1
Fire Magic     | 1 |  1.1
Ice Magic      | 1 |  1.1
Air Magic      | 1 |  1.1
Earth Magic    | 1 |  1.1
Poison Magic   | 1 |  1.1
Fighting       | |  4.7
Long Blades    | |  4.7
Throwing       | |  2.9
Armour         | |  2.9
Dodging        | |  4.7
Translocations | |  5.5

Action                     |  1- 3 |  4- 6 || total
---------------------------+-------+-------++-------
  Melee: Falchion          |   157 |    98 ||   255
         Bite              |    15 |    10 ||    25
         Punch             |       |     3 ||     3
  Throw: Boomerang         |       |     7 ||     7
    Use: Scroll            |     1 |     8 ||     9
         Potion            |       |     1 ||     1
 Armour: Leather armour    |    59 |    41 ||   100
  Dodge: Dodged            |   163 |    98 ||   261

Table legend: (Time is in decaauts)
 A = Elapsed time spent in this place.
 B = Non-inter-level travel time spent in this place.
 C = Inter-level travel time spent in this place.
 D = Time resting spent in this place.
 E = Time spent auto-exploring this place.
 F = Levels seen in this place.
 G = Mean time per level.
                   A        B        C        D        E       F      G
               +--------+--------+--------+--------+--------+-----+--------+
         Total |   1793 |   1666 |    127 |     17 |   1153 |   4 |  448.2 |
       Dungeon |   1755 |   1628 |    127 |     13 |   1153 |   3 |  585.0 |
         Sewer |     38 |     38 |      0 |      4 |      0 |   1 |   38.0 |
               +--------+--------+--------+--------+--------+-----+--------+

Top non-repeatable levels by time:
     D:2: 909 daAuts
     D:1: 825 daAuts
   Sewer: 38 daAuts
     D:3: 19 daAuts
